 Dungeon Crawl Stone Soup version 0.31.0-4-g52a2dc7128 (webtiles) character file.

Game seed: 14845638449434327883

1210 Gobbopathe the Changeling (level 8, 0/55 HPs)
             Began as an Octopode Shapeshifter on Jan 21, 2024.
             Was an Initiate of Wu Jian.
             Slain by a steam dragon (10 damage)
             ... on level 6 of the Dungeon.
             The game lasted 00:09:41 (4248 turns).

Gobbopathe the Changeling (Octopode Shapeshifter)   Turns: 4248, Time: 00:09:41

Health: 0/55       AC:  1    Str: 16    XL:     8   Next: 45%
Magic:  8/8        EV: 14    Int: 12    God:    Wu Jian [......]
Gold:   224        SH:  5    Dex: 11    Spells: 7/7 levels left

rFire   . .          .
                       - Unarmed
rCold   . . .        (no shield)
rNeg    . . .        (helmet currently unavailable)
rPois   .            f - amulet of reflection
rElec   .            p - ring of wizardry
rCorr   .            (no ring)
SInv    .            (no ring)
Will    .....        (no ring)
Stlth   ++++         (no ring)
HPRegen 0.29/turn    (no ring)
MPRegen 0.11/turn    (no ring)
                     (no ring)

%: reflection, wizardry (x1)
@: beast-form
A: beast (slay +3), almost no armour, amphibious, 8 rings, camouflage 1,
gelatinous body 1, (nimble swimmer 1), tentacles
a: Begin Untransformation, Renounce Religion


You were on level 6 of the Dungeon.
You worshipped Wu Jian.
Wu Jian was noncommittal.
You were a hulking beast.
You visited 1 branch of the dungeon, and saw 6 of its levels.
You also visited: Sewer.

You collected 224 gold pieces.

Inventory:

Hand Weapons
 b - a +0 sling
Missiles
 h - 7 boomerangs
 k - 25 stones
 s - 17 poisoned darts (quivered)
 C - 2 javelins
Jewellery
 f - an amulet of reflection (around mantle)
 p - a ring of wizardry (left tentacle)
Talismans
 c - a flux talisman
 t - a beast talisman
Scrolls
 i - 3 scrolls of fog
 j - a scroll of acquirement {unknown}
 l - 2 scrolls of fear {unknown}
 m - a scroll of identify {unknown}
 o - a scroll of poison {unknown}
 r - 3 scrolls of teleportation {unknown}
 u - a scroll of immolation {unknown}
 v - a scroll of summoning {unknown}
 x - a scroll of noise {unknown}
 y - a scroll of amnesia {unknown}
 z - a scroll of silence {unknown}
Potions
 a - 2 potions of lignification
 d - a potion of enlightenment {unknown}
 e - 2 potions of mutation {unknown}
 g - 3 potions of might {unknown}
 n - a potion of heal wounds {unknown}
 q - 4 potions of curing
 w - a potion of brilliance {unknown}
 A - 2 potions of cancellation {unknown}
 B - a potion of attraction {unknown}


   Skills:
 * Level 5.1 Fighting
 + Level 4.2 Dodging
 - Level 5.0 Stealth
 + Level 4.7 Unarmed Combat
 * Level 5.7 Shapeshifting


You had 7 spell levels left.
You didn't know any spells.
Your spell library contained the following spells:

 Spells                   Type           Power      Damage    Failure   Level
 Freeze                   Ice            0%         1d3       13%         1
 Lesser Beckoning         Tloc           0%         N/A       21%         2
 Frozen Ramparts          Ice            0%         1d1       36%         3
 Gell's Gravitas          Tloc           0%         N/A       36%         3
 Hailstorm                Conj/Ice       0%         3d5       36%         3
 Ozocubu's Armour         Ice            0%         N/A       36%         3
 Teleport Other           Tloc           0%         N/A       36%         3
 Brom's Barrelling Bould  Conj/Erth      0%         2d3       75%         4
 Fireball                 Conj/Fire      0%         3d3       97%         5
 Iskenderun's Battlesphe  Conj           0%         2d6       97%         5
 Metabolic Englaciation   Hex/Ice        0%         N/A       97%         5
 Conjure Ball Lightning   Conj/Air       0%         3x3d6     100%        6
 Sculpt Simulacrum        Ice/Alch       0%         N/A       100%        6
 Orb of Destruction       Conj           0%         9d5       100%        7


Dungeon Overview and Level Annotations

Branches:
Dungeon (6/15) Zot: 26916   Sewer (visited)
 Temple: D:4-7

Altars:
Dithmenos
Fedhas
Vehumet
Wu Jian

Annotations:
D:3 Grinder
D:5 exclusions: centaur, ice beast, jelly and water moccasin


Innate Abilities, Weirdness & Mutations

You are a hulking beast.
Your limbs bulge with bestial killing power. (Slay +3)
You cannot wear most types of armour.
You are amphibious.
You can wear up to eight rings at the same time.
Your skin changes colour to match your surroundings (Stealth+).
Your rubbery body absorbs attacks. (AC +1, EV +1)
((You are camouflaged when in or above water. (Stealth+)))
You have tentacles for arms and can constrict up to eight enemies at once.


Message History

The steam dragon bites you. You block the steam dragon's attack.
You bludgeon the steam dragon!
The steam dragon is heavily wounded.
The steam dragon bites you. The steam dragon misses you.
You tentacle-slap the steam dragon but do no damage.
Your squeeze misses the steam dragon.
The steam dragon is heavily wounded.
The steam dragon bites you. The steam dragon claws you.
You tentacle-slap the steam dragon.
The steam dragon is heavily wounded.
The steam dragon bites you! You block the steam dragon's attack.
You closely miss the steam dragon.
The steam dragon is heavily wounded.
The ice beast barely misses you. The steam dragon closely misses you.
The steam dragon barely misses you.
You tentacle-slap the steam dragon.
The steam dragon is severely wounded.
The steam dragon breathes steam at you. The ball of steam hits you!
You block the ice beast's attack.
You hear a shout!
You tentacle-slap the steam dragon.
The steam dragon is severely wounded.
You are engulfed in a cloud of scalding steam.
* * * LOW HITPOINT WARNING * * *
An ogre comes into view. It is wielding a +0 giant club.
The steam dragon bites you.
* * * LOW HITPOINT WARNING * * *
The steam dragon misses you. The ice beast closely misses you.
As you read the scroll labelled XOFELL EMYTH, it dissolves into smoke.
It was a scroll of fog.
The steam dragon bites you.
* * * LOW HITPOINT WARNING * * *
The steam dragon closely misses you. The ice beast closely misses you.
It was a potion of curing.
You feel better.
q - 4 potions of curing;
h - 7 boomerangs The ice beast hits you.
* * * LOW HITPOINT WARNING * * *
The ice beast freezes you.
* * * LOW HITPOINT WARNING * * *
The steam dragon bites you!
You die...

..... .... ... .# ##+##
# ... .# ##...##
#.##.####.# ##.....#
#...O.....# ##....<..
#####§#Y#§..####........
...!.§Dh§§.....+........
#####§#§§§..####........
# ####..# ##....... #..#
##.....# #.####..#
#......# #.......#
#.##+#.#
#######.#####.##.#.#
#..........#.#
#######.#..#.#


You could see a steam dragon (catching breath), an ice beast and an ogre.

Vanquished Creatures
  Menkaure (D:5)
  Pargi (Sewer)
  An ogre (D:5)
  A kobold brigand (Sewer)
  Blork the orc (D:4)
  4 scorpions
  3 bombardier beetles
  A hound (D:5)
  2 jellies
  An orc priest (D:5)
  2 iguanas
  An orc wizard (D:5)
  Robin (D:1)
  10 adders
  A white imp (D:5)
  5 ribbon worms
  5 dart slugs
  14 orcs
  5 endoplasms
  4 giant cockroaches
  10 hobgoblins
  4 jackals (D:4)
  2 quokkas
  5 ball pythons
  2 bats (D:3)
  13 goblins
  9 kobolds
  2 rats
111 creatures vanquished.

Notes
Turn   | Place    | Note
-------+----------+-------------------------------------------
     0 | D:1      | Gobbopathe the Octopode Shapeshifter began the quest for
                  | the Orb.
     0 | D:1      | Reached XP level 1. HP: 13/13 MP: 1/1
    88 | D:1      | Reached XP level 2. HP: 18/18 MP: 2/2
   534 | D:2      | Reached skill level 1 in Stealth
   655 | D:2      | Reached XP level 3. HP: 18/23 MP: 3/3
   704 | D:2      | Noticed Robin
   762 | D:1      | Killed Robin
  1029 | D:2      | Reached XP level 4. HP: 25/29 MP: 4/4
  1250 | D:2      | Found a faded altar of an unknown god.
  1725 | D:3      | Reached XP level 5. HP: 31/35 MP: 5/5
  1794 | D:3      | Noticed Grinder
  2273 | D:4      | Found a glowing drain.
  2282 | Sewer    | Entered a sewer
  2282 | Sewer    | Noticed Pargi
  2294 | Sewer    | Killed Pargi
  2295 | Sewer    | Reached XP level 6. HP: 40/42 MP: 6/6
  2627 | D:4      | Noticed Blork the orc
  2638 | D:4      | Killed Blork the orc
  2639 | D:4      | Reached XP level 7. HP: 31/47 MP: 7/7
  3210 | D:5      | Entered Level 5 of the Dungeon
  3216 | D:5      | Reached skill level 5 in Shapeshifting
  3364 | D:5      | Reached XP level 8. HP: 39/54 MP: 8/8
  3655 | D:5      | Noticed Menkaure
  3665 | D:5      | Killed Menkaure
  3666 | D:5      | Reached skill level 5 in Stealth
  3798 | D:5      | Reached skill level 5 in Fighting
  4080 | D:5      | Found an ornate altar of the Wu Jian Council.
  4088 | D:5      | Became a worshipper of the Wu Jian Council
  4091 | D:5      | Found a radiant altar of Vehumet.
  4092 | D:5      | Found a blossoming altar of Fedhas.
  4092 | D:5      | Found a shadowy altar of Dithmenos.
  4248 | D:6      | Slain by a steam dragon

Illustrated notes

Levels and vault maps discovered:
D:1:      wander_arrival_desolate, layout_basic
D:2:      layout_basic, chequers_ecumenical_altar_simple_redux,
          kennysheep_generic_room_14, uniq_robin
D:3:      wander_river, layout_loops_cross, uniq_grinder
D:4:      layout_loops_ring, cheibrodos_sewer_entry_drain, uniq_blork_the_orc
D:5:      layout_cave_pools, minitemple, uniq_menkaure
D:6:      layout_loops_corners, nicolae_overflow_macrodata_refinement,
          minmay_temple_entry_junction_2, serial_shops, shop

Skill      XL: |  1  2  3  4  5  6  7  8 |
---------------+-------------------------+-----
Stealth        | 1 2 3 4 5 |  5.0
Fighting       | 2 3 4 5 |  5.1
Shapeshifting  | 4 5 |  5.7
Dodging        | 3 4 |  4.2
Unarmed Combat | 4 |  4.7

Action                     |  1- 3 |  4- 6 |  7- 9 || total
---------------------------+-------+-------+-------++-------
  Melee: Unarmed           |    64 |   102 |    93 ||   259
         Constrict         |    20 |    25 |    25 ||    70
         Tentacles         |    15 |    22 |    23 ||    60
         Punch             |     2 |     3 |     4 ||     9
  Throw: Stone             |     1 |     6 |       ||     7
         Boomerang         |       |     1 |       ||     1
         Dart              |       |       |    13 ||    13
Ability: Lunge             |       |       |     2 ||     2
    Use: Potion            |       |     1 |     1 ||     2
         Scroll            |       |       |     1 ||     1
   Stab: Sleeping          |     4 |     9 |     8 ||    21
 Armour: Skin              |    21 |    38 |    41 ||   100
  Dodge: Dodged            |    28 |    44 |    45 ||   117
  Block: Other             |    10 |    15 |    11 ||    36
         Reflection        |       |     1 |       ||     1
